 Dungeon Crawl Stone Soup version 0.30-a0-568-g124715a40b (webtiles) character file.

Game seed: 8677709710014359769

1206 Newt the Cudgeller (level 8, -3/60 HPs)
             Began as a Demonspawn Gladiator on Dec 28, 2022.
             Killed from afar by a steam dragon (16 damage)
             ... with a ball of steam
             ... on level 5 of the Dungeon.
             The game lasted 00:06:46 (4924 turns).

Newt the Cudgeller (Demonspawn Gladiator)           Turns: 4924, Time: 00:06:47

Health: -3/60      AC:  6    Str: 17    XL:     8   Next: 21%
Magic:  0/8        EV: 12    Int: 15    God:
Gold:   240        SH:  0    Dex: 15    Spells: 7/7 levels left

rFire   . . .      SeeInvis .    e - +6 club (heavy)
rCold   + . .      Faith    .    (no shield)
rNeg    . . .      Spirit   +    b - +1 leather armour
rPois   .          Reflect  .    (helmet restricted)
rElec   .          Harm     .    (no cloak)
rCorr   +          Rampage  .    (no gloves)
Will    .....                    A - +1 pair of boots of the Unbroken {rC+ rCorr}
Stlth   ++                       r - amulet of regeneration
HPRegen 1.10/turn                k - +6 ring of intelligence
MPRegen 0.22/turn                (no ring)

@: no status effects
A: hooves 1, horns 1, magic shield, magic regeneration, weakness stinger 1
a: no special abilities


You were on level 5 of the Dungeon.
You visited 1 branch of the dungeon, and saw 5 of its levels.

You collected 240 gold pieces.

Inventory:

Hand Weapons
 a - a +0 rapier
 e - a +6 heavy club (weapon)
 i - a +0 dagger of electrocution
 z - a +4 vampiric whip
Missiles
 d - a throwing net (quivered)
 m - 5 boomerangs
 q - a javelin
Armour
 b - a +1 leather armour (worn)
 c - a +0 helmet
 o - a +1 hat
 s - a +0 cloak
 A - the +1 pair of boots of the Unbroken (worn) {rC+ rCorr}
   (You found it on level 4 of the Dungeon)

   rC:        It protects you from cold.
   rCorr:     It protects you from acid and corrosion.
Jewellery
 k - a +6 ring of intelligence (left hand)
 r - an amulet of regeneration (around neck)
Wands
 f - a wand of polymorph (7)
 x - a wand of flame (9)
 y - a wand of acid (9)
 E - a wand of charming (10)
Scrolls
 h - 3 scrolls of teleportation
 p - 2 scrolls of magic mapping
 B - 2 scrolls of enchant armour
 C - 5 scrolls of fear
 D - 2 scrolls of identify
Potions
 g - a potion of flight
 j - 2 potions of degeneration
 l - a potion of magic
 n - 3 potions of haste
 t - a potion of heal wounds
 u - 2 potions of mutation {unknown}
 v - 4 potions of ambrosia
 w - a potion of attraction


   Skills:
 - Level 4.0 Fighting
 - Level 2.6 Short Blades
 - Level 6.0 Maces & Flails
 - Level 4.0 Throwing
 + Level 3.0 Armour
 - Level 2.6 Dodging
 - Level 3.0 Stealth


You had 7 spell levels left.
You didn't know any spells.
Your spell library contained the following spells:

 Spells                   Type           Power      Damage    Failure   Level
 Freeze                   Ice            0%         1d3       32%         1
 Frozen Ramparts          Ice            0%         1d1       67%         3
 Hailstorm                Conj/Ice       0%         3d3       67%         3
 Manifold Assault         Tloc           0%         N/A       97%         4
 Dispersal                Tloc           0%         N/A       100%        6
 Disjunction              Tloc           0%         N/A       100%        8


Dungeon Overview and Level Annotations

Branches:
Dungeon (5/15)
 Temple: D:4-7

Altars:
Fedhas
Kikubaaqudgha

Shops:
D:2 [


Innate Abilities, Weirdness & Mutations

You have large cloven feet.
You have a pair of small horns on your head.
When hurt, damage is shared between your health and your magic reserves.
You regenerate magic rapidly.
You have a small tail.


Message History

You hit the steam dragon. You headbutt the steam dragon.
The steam dragon is moderately wounded.
You are engulfed in a cloud of scalding steam.
The steam dragon misses you. The steam dragon barely misses you.
You sock the steam dragon!
Your tail-slap misses the steam dragon.
The steam dragon is heavily wounded.
You are engulfed in a cloud of scalding steam.
The steam dragon breathes steam at you. The ball of steam hits you!
The steam dragon bites you. The steam dragon barely misses you.
You are too injured to fight recklessly!
You are too injured to fight recklessly!
You are too injured to fight recklessly!
You are too injured to fight recklessly!
You are too injured to fight recklessly!
You are too injured to fight recklessly!
You are too injured to fight recklessly!
You're standing in a cloud of steam!
Unknown command.
You're standing in a cloud of steam!
You hit the steam dragon.
Your tail-slap misses the steam dragon.
The steam dragon is severely wounded.
You are engulfed in a cloud of scalding steam.
* * * LOW HITPOINT WARNING * * *
The steam dragon bites you but does no damage.
The steam dragon barely misses you.
Unknown command.
Throw: 2 throwing nets
Press: ? - help, Q - select action, (/) - cycle Shift-Dir - straight line, f - steam dragon
Aim: a steam dragon (heavily wounded, 63% to hit)
You throw a throwing net. The throwing net hits the steam dragon.
The steam dragon is caught in the net!
The steam dragon is heavily wounded.
You are engulfed in a cloud of scalding steam.
The steam dragon struggles against the net.
You barely miss the steam dragon. You headbutt the steam dragon.
The steam dragon is severely wounded.
The steam dragon breathes steam at you. The ball of steam hits you!!
You die...

#.#.#####.....(.......
#............##.......
###.###########.......
#.######### ###'##..
#.........# #.####
#.#(#####.# #.# #.#.#
#.# #.# #.#.# #.# #.#
#.#@# #.# #.# #.#D#
#.# #.# #.#.# #.# #..
#.#.# #.########## ..#
#........... ###
############


You could see a steam dragon (caught, catching breath).

Vanquished Creatures
  Sigmund (D:2)
  The ghost of BitJockey the Chopper, an amateur HOMo (D:3)
  An ice beast (D:4)
  2 ogres (D:5)
  3 phantoms (D:4)
  A scorpion (D:5)
  A centaur zombie (D:3)
  A jelly (D:5)
  2 iguanas (D:4)
  A killer bee zombie (D:3)
  Robin (D:2)
  6 adders
  6 gnolls
  4 worms
  2 dart slugs (D:1)
  11 orcs
  7 ball pythons
  8 endoplasms
  5 giant cockroaches
  15 goblins
  8 hobgoblins
  4 jackals
  6 quokkas
  4 bats
  A frilled lizard (D:3)
  6 kobolds
  8 rats
116 creatures vanquished.

Notes
Turn   | Place    | Note
-------+----------+-------------------------------------------
     0 | D:1      | Newt the Demonspawn Gladiator began the quest for the Orb.
     0 | D:1      | Reached XP level 1. HP: 16/16 MP: 1/1
     2 | D:1      | Noticed an armataur
     2 | D:1      | Noticed a troll
     4 | D:1      | Noticed a ghoul
     4 | D:1      | Noticed a naga
     6 | D:1      | Noticed a vampire
     6 | D:1      | Noticed a demigod
     8 | D:1      | Noticed a human
     8 | D:1      | Noticed a demonspawn
    10 | D:1      | Noticed a formicid
    12 | D:1      | Noticed an ogre
    12 | D:1      | Noticed a spriggan
    14 | D:1      | Noticed an elf
    16 | D:1      | Noticed a gargoyle
    18 | D:1      | Noticed a tengu
    18 | D:1      | Noticed a merfolk
    20 | D:1      | Noticed a meteoran
    20 | D:1      | Noticed a draconian
    22 | D:1      | Noticed an octopode
    22 | D:1      | Noticed a vine stalker
    24 | D:1      | Noticed a felid
    24 | D:1      | Noticed a ghoul
    26 | D:1      | Noticed a naga
    26 | D:1      | Noticed a vine stalker
    69 | D:1      | Found a faded altar of an unknown god.
    90 | D:1      | Reached skill level 1 in Stealth
   143 | D:1      | Gained mutation: You regenerate magic rapidly. [demonic
                  | ancestry]
   143 | D:1      | Reached XP level 2. HP: 22/22 MP: 2/2
   839 | D:1      | Discovered your monstrous ancestry.
   839 | D:1      | Gained mutation: You have a pair of small horns on your
                  | head. [demonic ancestry]
   839 | D:1      | Reached XP level 3. HP: 27/27 MP: 3/3
  1324 | D:2      | Reached XP level 4. HP: 24/35 MP: 4/4
  1436 | D:2      | Noticed Sigmund
  1486 | D:2      | Killed Sigmund
  1487 | D:2      | Gained mutation: When hurt, damage is shared between your
                  | health and your magic reserves. [demonic ancestry]
  1487 | D:2      | Reached XP level 5. HP: 31/42 MP: 5/5
  1646 | D:2      | Noticed Robin
  1674 | D:2      | Killed Robin
  1675 | D:2      | Reached XP level 6. HP: 32/48 MP: 6/6
  2179 | D:2      | Found Laczyisa's Antique Armour Boutique.
  2532 | D:3      | Found a faded altar of an unknown god.
  2594 | D:3      | Reached skill level 1 in Maces & Flails
  2654 | D:3      | Found a transporter.
  2655 | D:3      | Noticed BitJockey's ghost (amateur HOMo)
  2874 | D:3      | Found a blossoming altar of Fedhas.
  3290 | D:3      | Found a transporter.
  3332 | D:3      | Killed BitJockey's ghost
  3333 | D:3      | Reached skill level 3 in Maces & Flails
  3334 | D:3      | Gained mutation: You have a small tail. [demonic ancestry]
  3334 | D:3      | Reached XP level 7. HP: 26/54 MP: 4/7
  3592 | D:4      | Reached skill level 4 in Maces & Flails
  3764 | D:4      | Reached skill level 5 in Maces & Flails
  3853 | D:4      | Identified the +1 pair of boots of the Unbroken {rC+ rCorr}
  3955 | D:4      | Found an ancient bone altar of Kikubaaqudgha.
  4220 | D:5      | Entered Level 5 of the Dungeon
  4324 | D:5      | Reached skill level 6 in Maces & Flails
  4324 | D:5      | Reached skill level 1 in Armour
  4324 | D:5      | Gained mutation: You have large cloven feet. [demonic
                  | ancestry]
  4324 | D:5      | Reached XP level 8. HP: 60/60 MP: 8/8
  4369 | D:5      | Identified the +0 leather armour "Zaahoor" {*Corrode +Blink
                  | rC+ Will++}
  4924 | D:5      | Killed from afar by a steam dragon

Illustrated notes

Levels and vault maps discovered:
D:1:      kb_arrival_jail, layout_basic, shapermc_ecumenical_altar_totnotflames
D:2:      layout_loops_ring, serial_shops, shop_statue, uniq_robin, uniq_sigmund
D:3:      layout_basic, nicolae_overflow_ecumenical_swirl, fedhas_altar_1,
          gammafunk_ghost_mausoleum
D:4:      layout_loops_cross, mainiacjoe_overflow_six_doors_small, minmay_puff
D:5:      layout_basic, nicolae_eternal_life, dreamdust_princess_bridge

Skill      XL: |  1  2  3  4  5  6  7  8 |
---------------+-------------------------+-----
Stealth        | 1 2 3 |  3.0
Fighting       | 3 4 |  4.0
Throwing       | 3 4 |  4.0
Maces & Flails | 3 6 |  6.0
Armour         | 1 3 |  3.0
Short Blades   | |  2.6
Dodging        | |  2.6

Action                   |  1- 3 |  4- 6 |  7- 9 || total
-------------------------+-------+-------+-------++-------
Melee: Rapier            |    27 |       |       ||    27
       Dagger            |    61 |    28 |       ||    89
       Headbutt          |     7 |    28 |    28 ||    63
       Unarmed           |       |     1 |       ||     1
       Club              |       |   127 |    87 ||   214
       Punch             |       |     2 |     2 ||     4
       Whip              |       |       |    23 ||    23
       Tailslap          |       |       |    17 ||    17
Throw: Throwing net      |       |     2 |     1 ||     3
       Javelin           |       |     1 |       ||     1
  Use: Scroll            |     4 |     3 |     5 ||    12
       Potion            |       |     3 |       ||     3
 Stab: Sleeping          |     4 |     5 |     3 ||    12
       Held in net/web   |       |     1 |       ||     1
Armor: Leather armour    |    17 |    27 |    25 ||    69
Dodge: Dodged            |    48 |    87 |    58 ||   193

Table legend: (Time is in decaauts)
 A = Elapsed time spent in this place.
 B = Non-inter-level travel time spent in this place.
 C = Inter-level travel time spent in this place.
 D = Time resting spent in this place.
 E = Time spent auto-exploring this place.
 F = Levels seen in this place.
 G = Mean time per level.
                   A        B        C        D        E       F      G
               +--------+--------+--------+--------+--------+-----+--------+
         Total |   4930 |   4634 |    296 |    512 |   3106 |   5 |  986.0 |
       Dungeon |   4930 |   4634 |    296 |    512 |   3106 |   5 |  986.0 |
               +--------+--------+--------+--------+--------+-----+--------+

Top non-repeatable levels by time:
     D:1: 1255 daAuts
     D:2: 1211 daAuts
     D:3: 945 daAuts
     D:4: 805 daAuts
     D:5: 712 daAuts
